 Dungeon Crawl Stone Soup version 0.21.1-1-g345015fe64 (webtiles) character file.

520 Dox the Magician (level 7, -1/46 HPs)
             Began as a Human Wizard on Apr 24, 2018.
             Was an Initiate of Ashenzari.
             Slain by a two-headed ogre
             ... wielding a +0 giant club
              (29 damage)
             ... on level 5 of the Dungeon.
             The game lasted 00:25:45 (5989 turns).

Dox the Magician (Human Wizard)                     Turns: 5989, Time: 00:25:45

Health: -1/46      AC:  7    Str: 10    XL:     7   Next: 45%
Magic:  14/14      EV: 12    Int: 18    God:    Ashenzari [......]
Gold:   219        SH:  0    Dex: 11    Spells: 9/15 levels left

rFire    . . .     SeeInvis .   z - +4 quarterstaff (chaos)
rCold    . . .     Gourm    .   (shield currently unavailable)
rNeg     + . .     Faith    .   i - +0 leather armour
rPois    .         Spirit   .   b - +0 hat
rElec    .         Reflect  .   A - +0 cloak
rCorr    .         Harm     .   r - +2 pair of gloves (curse)
MR       .....                  (no boots)
Stlth    ++........             q - amulet of magic regeneration
HPRegen  0.15/turn              p - ring of positive energy
MPRegen  0.39/turn              (no ring)

@: no status effects
A: no striking features
a: Curse Item, Renounce Religion


You were on level 5 of the Dungeon.
You worshipped Ashenzari.
Ashenzari was noncommittal.
You were very hungry.

You visited 2 branches of the dungeon, and saw 6 of its levels.

You collected 219 gold pieces.

Inventory:

Hand Weapons
 z - a +4 quarterstaff of chaos (weapon)
Missiles
 m - 52 stones (quivered)
 y - 6 tomahawks
Armour
 b - a +0 hat (worn)
 i - a +0 leather armour (worn)
 r - a cursed +2 pair of gloves (worn)
 A - a +0 cloak (worn)
Jewellery
 p - a ring of positive energy (left hand)
 q - an amulet of magic regeneration (around neck)
Wands
 a - a wand of enslavement (14)
 e - a wand of digging (10)
Scrolls
 j - a scroll of teleportation
 n - a scroll of remove curse
Potions
 h - 3 potions of brilliance
 u - a potion of might
 v - a potion of flight
 w - a potion of curing
 x - a potion of haste
Books
 c - a book of Minor Magic

   Spells                             Type                      Level
   a - Magic Dart                     Conjuration                  1
   b - Blink                          Translocation                2
   c - Call Imp                       Summoning                    2
   d - Slow                           Hexes                        2
   e - Conjure Flame                  Conjuration/Fire             3
   f - Mephitic Cloud                 Conjuration/Poison/Air       3
Comestibles
 d - 7 rations


   Skills:
 + Level 0.3 Fighting
 + Level 0.5 Staves
 + Level 1.0 Armour
 + Level 2.7 Dodging
 - Level 2.0 Stealth
 + Level 4.9 Spellcasting
 * Level 4.4 Conjurations
 * Level 1.8 Summonings
   Level 1.0 Translocations
 * Level 0.9 Air Magic
 * Level 0.7 Poison Magic
 * Level 1.2 Evocations


You had 9 spell levels left.
You knew the following spells:

 Your Spells              Type           Power        Failure   Level  Hunger
a - Magic Dart            Conj           ###.         3%          1    None
b - Mephitic Cloud        Conj/Pois/Air  ##......     24%         3    ###....
c - Call Imp              Summ           ##......     13%         2    #......


Dungeon Overview and Level Annotations

Branches:
Dungeon (5/15)             Temple (1/1) D:4

Altars:
Ashenzari
Cheibriados
Elyvilon
Fedhas
Gozag
Hepliaklqana
Kikubaaqudgha
Makhleb
Nemelex Xobeh
Okawaru
Qazlal
Ru
Sif Muna
Trog
Uskayaw
Vehumet
Wu Jian
Xom
Yredelemnul
Zin
The Shining One

Annotations:
D:5 Dickchan's ghost, novice GnWn


Message History

There is a stone staircase leading up here.
You climb upwards.
There is a stone staircase leading down here.
There is a stone staircase leading down here.
You climb downwards.
Level annotation: Dickchan's ghost, novice GnWn A two-headed ogre comes into view.
It is wielding two giant clubs.
Found a ration.
There is a stone staircase leading up here.
You hit the two-headed ogre but do no damage.
The two-headed ogre hits you with a giant club.
The two-headed ogre hits you with a giant club!
You hit the two-headed ogre. You burn the two-headed ogre.
The two-headed ogre is lightly wounded.
The two-headed ogre misses you. The two-headed ogre closely misses you.
You sock the two-headed ogre!
The two-headed ogre is moderately wounded.
The two-headed ogre hits you with a giant club!!
Ouch! That really hurt!
You die...

... ..# #..
..## # #.%
#... #. #..
...#
#.#..#...#
#........#
#......##
#..@O...#
.........#..#
.........#
...
.......... .
.........#.
.........#.#
.......... #
........##


You could see a two-headed ogre.

Vanquished Creatures
  An ogre (D:4)
  A scorpion (D:4)
  A howler monkey (D:4)
  Crazy Yiuf (D:3)
  Jessica (D:3)
  An orc wizard (D:4)
  2 worker ants (D:4)
  A worker ant zombie (D:3)
  10 adders
  2 oozes
  3 worms
  4 dart slugs
  A leopard gecko (D:1)
  7 orcs
  4 ball pythons
  6 bats
  6 giant cockroaches
  9 goblins
  6 hobgoblins
  5 jackals
  9 kobolds
  3 quokkas
  8 frilled lizards
  8 rats
100 creatures vanquished.

Notes
Turn   | Place    | Note
-------+----------+-------------------------------------------
     0 | D:1      | Dox the Human Wizard began the quest for the Orb.
     0 | D:1      | Reached XP level 1. HP: 13/13 MP: 4/4
    81 | D:1      | Reached XP level 2. HP: 6/19 MP: 0/6
   613 | D:1      | Reached XP level 3. HP: 15/24 MP: 0/8
  1468 | D:1      | Reached XP level 4. HP: 30/30 MP: 5/9
  2386 | D:2      | Reached XP level 5. HP: 35/35 MP: 4/11
  3376 | D:3      | Noticed Jessica
  3384 | D:3      | Killed Jessica
  3688 | D:3      | Reached XP level 6. HP: 34/41 MP: 1/12
  4333 | D:3      | Found a runed door.
  4410 | D:3      | Learned a level 3 spell: Mephitic Cloud
  4413 | D:3      | Learned a level 2 spell: Call Imp
  4413 | D:3      | Noticed Crazy Yiuf
  4419 | D:3      | Killed Crazy Yiuf
  4847 | D:4      | Reached XP level 7. HP: 42/46 MP: 5/14
  4912 | D:4      | Found a staircase to the Ecumenical Temple.
  4918 | Temple   | Entered the Ecumenical Temple
  4986 | Temple   | Became a worshipper of Ashenzari the Shackled
  5259 | D:4      | Reached skill level 1 in Armour
  5259 | D:4      | Reached skill level 1 in Evocations
  5949 | D:5      | Entered Level 5 of the Dungeon
  5949 | D:5      | Noticed Dickchan's ghost (novice GnWn)
  5986 | D:5      | Noticed a two-headed ogre
  5989 | D:5      | Slain by a two-headed ogre

Skill      XL: |  1  2  3  4  5  6  7 |
---------------+----------------------+-----
Spellcasting   | 4 |  4.9
Conjurations   | 2 3 4 |  4.4
Armour         | 1 |  1.0
Evocations     | 1 |  1.2
Fighting       | |  0.3
Staves         | |  0.5
Dodging        | |  2.7
Stealth        | |  2.0
Summonings     | |  1.8
Translocations | |  1.0
Air Magic      | |  0.9
Poison Magic   | |  0.7

Action                   |  1- 3 |  4- 6 |  7- 9 || total
-------------------------+-------+-------+-------++-------
Melee: Unarmed           |     8 |       |       ||     8
       Club              |    10 |       |       ||    10
       Short sword       |     9 |     4 |       ||    13
       Quarterstaff      |       |     9 |     4 ||    13
Throw: Stone             |       |     7 |       ||     7
 Cast: Magic Dart        |    80 |   196 |    37 ||   313
       Mephitic Cloud    |       |     1 |       ||     1
       Call Imp          |       |     1 |       ||     1
Invok: Curse Item        |       |       |     1 ||     1
  Use: Scroll            |       |       |    12 ||    12
  Eat: Chunk             |     1 |    11 |     2 ||    14
Armor: Robe              |     6 |     5 |       ||    11
       Leather armour    |       |    11 |     1 ||    12
Dodge: Dodged            |    30 |    46 |    13 ||    89
